 Dungeon Crawl Stone Soup version 0.28.0-53-g5a82cb258f (webtiles) character file.

Game seed: 7859161064344295420

51 SanguineChosen the Chopper (level 3, -7/33 HPs)
             Began as a Hill Orc Cinder Acolyte on June 21, 2022.
             Was a High Priest of Ignis.
             Mangled by Crazy Yiuf
             ... wielding a +3 quarterstaff of chaos
              (14 damage)
             ... on level 2 of the Dungeon on June 22, 2022.
             The game lasted 00:10:54 (3389 turns).

SanguineChosen the Chopper (HOCA)                   Turns: 3389, Time: 00:10:54

Health: -7/33      AC:  2    Str: 18    XL:     3   Next: 83%
Magic:  0/4        EV: 11    Int: 14    God:    Ignis [*****.]
Gold:   89         SH:  0    Dex: 12    Spells: 2/4 levels left

rFire   + . .      SeeInvis .   a - -1 hand axe (flame)
rCold   . . .      Faith    .   (no shield)
rNeg    . . .      Spirit   .   b - +0 robe
rPois   .          Reflect  .   (no helmet)
rElec   .          Harm     .   (no cloak)
rCorr   .          Rampage  .   (no gloves)
Will    .....                   (no boots)
Stlth   +.........              (no amulet)
HPRegen 0.11/turn               f - +6 ring of dexterity
MPRegen 0.09/turn               (no ring)

@: no status effects
A: no striking features
a: Renounce Religion, Fiery Armour, Foxfire Swarm, Rising Flame


You were on level 2 of the Dungeon.
You worshipped Ignis.
Ignis was extremely pleased with you.
You visited 1 branch of the dungeon, and saw 2 of its levels.

You collected 89 gold pieces.

Inventory:

Hand Weapons
 a - a -1 hand axe of flaming (weapon)
Armour
 b - a +0 robe (worn)
Jewellery
 f - a +6 ring of dexterity (left hand)
Scrolls
 e - a scroll of magic mapping {unknown}
 g - a scroll of enchant armour {unknown}
 h - 2 scrolls of noise {unknown}
 i - a scroll of teleportation {unknown}
Potions
 c - 3 potions of curing
 d - a potion of heal wounds {unknown}


   Skills:
 + Level 4.1 Fighting
 + Level 4.7 Axes
 + Level 0.4 Dodging
 + Level 1.2 Spellcasting
 + Level 3.9 Fire Magic


You had 2 spell levels left.
You knew the following spells:

 Your Spells              Type           Power      Damage    Failure   Level
a - Scorch                Fire           22%        2d6       8%          2

Your spell library contained the following spells:

 Spells                   Type           Power      Damage    Failure   Level
 Stone Arrow              Conj/Erth      0%         3d7       61%         3
 Animate Armour           Summ/Erth      0%         N/A       95%         4
 Lehudib's Crystal Spear  Conj/Erth      0%         10d2      100%        8


Dungeon Overview and Level Annotations

Branches:
Dungeon (2/15)

Altars:
Dithmenos

Annotations:
D:2 Crazy Yiuf


Message History

You hit the fungus but do no damage. You hit the fungus.
The fungus begins to die.
You burn the fungus. You hit the fungus.
The fungus begins to die.
You burn the fungus. You hit the fungus. You burn the fungus.
The fungus is lightly damaged.
You completely miss the fungus. You hit the fungus but do no damage.
You hit the fungus. You burn the fungus.
The fungus is lightly damaged.
You hit the fungus.
The fungus begins to die.
You burn the fungus. You completely miss the fungus. You hit the fungus.
You burn the fungus.
The fungus is lightly damaged.
You hit the fungus. You burn the fungus. You hit the fungus.
You burn the fungus.
A nearby fungus withers and dies.
A nearby fungus withers and dies.
Found a mace.
Found a runed translucent door.
You open the door.
Casting: Scorch (safe; 8% risk of failure)
Press: ? - help, Q - select action Dir - look around, f - activate Flames lash Crazy Yiuf.
Crazy Yiuf is heavily wounded.
Crazy Yiuf's fire resistance burns away.
Crazy Yiuf whimpers, "Tonal song song!"
Crazy Yiuf hits you with a +3 quarterstaff of chaos!
Crazy Yiuf freezes you.
Casting: Scorch (safe; 8% risk of failure)
Press: ? - help, Q - select action Dir - look around, f - activate Flames lash Crazy Yiuf.
Crazy Yiuf is burned terribly!
Crazy Yiuf is almost dead.
Crazy Yiuf hits you with a +3 quarterstaff of chaos!
Crazy Yiuf freezes you.
* * * LOW HITPOINT WARNING * * *
You barely miss Crazy Yiuf.
Crazy Yiuf is almost dead.
Crazy Yiuf hits you with a +3 quarterstaff of chaos!
* * * LOW HITPOINT WARNING * * *
You are lethally poisoned!
It was a potion of curing.
You feel better.
Crazy Yiuf hits you with a +3 quarterstaff of chaos!
You die...

#....####.....#...(.
#....# #####.......
#PP..# #.......
#.#.## #.......
##.## #....... #.##
#......# ##.#
#......# #.##
#......# ##@#
#####..# #g# #..#
... #..# #...# ####
#..)# #####


You could see Crazy Yiuf (combustible).

Vanquished Creatures
  An adder (D:2)
  A dart slug (D:2)
  2 bats (D:2)
  3 endoplasms (D:1)
  3 giant cockroaches
  3 jackals (D:1)
  3 kobolds (D:1)
  4 quokkas (D:2)
  7 ball pythons
  2 frilled lizards (D:2)
  5 goblins
  3 rats
37 creatures vanquished.

Vanquished Creatures (others)
  6 fungi
  2 plants (D:1)
8 creatures vanquished.

Grand Total: 45 creatures vanquished

Notes
Turn   | Place    | Note
-------+----------+-------------------------------------------
     0 | D:1      | SanguineChosen the Hill Orc Cinder Acolyte began the quest
                  | for the Orb.
     0 | D:1      | Reached XP level 1. HP: 19/19 MP: 2/2
   243 | D:1      | Reached XP level 2. HP: 18/27 MP: 3/3
   455 | D:1      | Learned a level 2 spell: Scorch
  1289 | D:1      | Reached XP level 3. HP: 33/33 MP: 1/4
  1418 | D:1      | Found a faded altar of an unknown god.
  2764 | D:2      | Found a shadowy altar of Dithmenos.
  3381 | D:2      | Found a runed translucent door.
  3382 | D:2      | Noticed Crazy Yiuf
  3388 | D:2      | HP: 1/33 [Crazy Yiuf/+3 quarterstaff of chaos (7)]
  3389 | D:2      | Mangled by Crazy Yiuf

Illustrated notes

Levels and vault maps discovered:
D:1:      minmay_arrival_glassed_features, layout_basic,
          shapermc_ecumenical_altar_petra
D:2:      layout_basic, serial_co_window_serial, co_window_paths_b,
          co_window_paths_b, co_window_cross_1, co_window_paths_b,
          co_window_of_opportunity_a, co_window_of_opportunity_b,
          co_window_of_opportunity_b, co_window_corner_cb, co_window_2corner,
          co_window_corner_cb, co_window_2corner, co_window_4corner_a,
          co_window_paths_d, basic_altar, uniq_crazy_yiuf_cottage

Skill      XL: |  1  2 |
---------------+-------+-----
Fighting       | 4 |  4.1
Axes           | |  4.7
Dodging        | |  0.4
Spellcasting   | |  1.2
Fire Magic     | |  3.9

Action                   || total
-------------------------++-------
Melee: Hand axe          ||    60
 Cast: Scorch            ||    23
  Use: Potion            ||     1
Armor: Robe              ||    18
Dodge: Dodged            ||    32
